 Dungeon Crawl Stone Soup version 0.30-b1-2-g02819fbbbe (webtiles) character file.

Game seed: 2268618821122564888

267 LLlMATKO the Trooper (level 6, -1/84 HPs)
             Began as a Minotaur Berserker on Aug 4, 2023.
             Was a Priest of Trog.
             Killed by divine providence
             ... invoked by an orc priest
              (13 damage)
             ... on level 4 of the Dungeon.
             The game lasted 00:03:15 (3086 turns).

LLlMATKO the Trooper (Minotaur Berserker)           Turns: 3086, Time: 00:03:15

Health: -1/84      AC: 11    Str: 23    XL:     6   Next: 0%
Magic:  5/5        EV:  9    Int:  4    God:    Trog [***...]
Gold:   179        SH:  0    Dex: 10    Spells: 5/5 levels left

rFire   . . .        a - +1 hand axe
rCold   . . .        (no shield)
rNeg    . . .        m - +0 chain mail
rPois   .            (helmet restricted)
rElec   .            g - +0 cloak
rCorr   .            (no gloves)
SInv    .            d - +0 pair of boots
Will    .....        (no amulet) Stlth
                     (no ring)
HPRegen 0.34/turn    (no ring)
MPRegen 0.09/turn

%: no passive effects
@: berserking (expiring), very quick
A: horns 2, retaliatory headbutt
a: Renounce Religion, Berserk, Trog's Hand


You were on level 4 of the Dungeon.
You worshipped Trog.
Trog was most pleased with you.
You visited 1 branch of the dungeon, and saw 4 of its levels.
You also visited: Sewer.

You collected 179 gold pieces.

Inventory:

Hand Weapons
 a - a +1 hand axe (weapon)
Missiles
 e - 25 poisoned darts (quivered)
Armour
 d - a +0 pair of boots (worn)
 g - a +0 cloak (worn)
 m - a +0 chain mail (worn)
Jewellery
 l - a ring of ice
 u - the ring of the Original Sin {*Slow +Blink rPois rC+ Int+3}
   (You found it on level 3 of the Dungeon)

   [ring of protection from cold]

   Int:       It affects your intelligence (+3).
   rC:        It protects you from cold.
   rPois:     It protects you from poison.
   +Blink:    It lets you blink.
   *Slow:     It may slow you when you take damage.
 y - a +6 ring of strength
Wands
 q - a wand of roots (5)
 s - a wand of quicksilver (5)
 t - a wand of flame (21)
Scrolls
 f - 4 scrolls of identify
 h - 3 scrolls of teleportation
 k - 3 scrolls of enchant weapon
 p - a scroll of fog {unknown}
 r - a scroll of enchant armour {unknown}
 w - a scroll of silence {unknown}
 x - 2 scrolls of brand weapon {unknown}
Potions
 b - 2 potions of mutation {unknown}
 c - a potion of haste {unknown}
 i - 3 potions of flight
 j - 3 potions of curing {unknown}
 n - 2 potions of brilliance {unknown}
 o - a potion of might {unknown}
 v - a potion of heal wounds {unknown}
 z - a potion of resistance {unknown}


   Skills:
 + Level 5.1 Fighting
 + Level 5.1 Axes
 + Level 4.3 Armour
 + Level 3.9 Dodging


You had 5 spell levels left.
You didn't know any spells.
Your spell library was empty.

Dungeon Overview and Level Annotations

Branches:
Dungeon (4/15)              Sewer (visited)
 Temple: D:4-7

Altars:


Innate Abilities, Weirdness & Mutations

You have a pair of horns on your head.
You reflexively headbutt those who attack you in melee.


Message History

No target in view!
There is an open door here.
y - a +6 ring of strength No target in view!
You open the door. 2 orc priests and an orc come into view.
The orc priest shouts! x2; The orc shouts!
There is an open door here.
You barely miss the orc priest.
The orc priest hits you but does no damage.
The orc priest mumbles some strange prayers to Beogh against you.
Beogh smites you!
An orc comes into view.
It is wielding a +0 hand axe and quivering silver boomerangs.
There are monsters nearby!
You hit the orc priest. You headbutt the orc priest!
The orc priest is severely wounded.
The orc priest calls down the wrath of Beogh upon you.
Beogh smites you!
The orc priest calls down the wrath of Beogh upon you.
Beogh smites you!
* * * LOW HITPOINT WARNING * * *
A red film seems to cover your vision as you go berserk!
You feel yourself moving faster!
You feel mighty! The orc priest closely misses you.
The orc priest miscasts a cantrip.
You barely miss the orc priest.
The orc priest is severely wounded.
You slash the orc priest!
You kill the orc priest!
Trog accepts your kill.
You closely miss the orc. The orc barely misses you.
The orc priest miscasts a cantrip.
You slash the orc!
You kill the orc!
Trog accepts your kill.
You have reached level 6!
Found 2 scrolls labelled SAOTUA VODYSUFF.
The orc priest mumbles some strange prayers to Beogh against you.
Beogh smites you!
You die...

##. #. ##?.##.#.
#....... ........
...... ...# . #.####.#
... #.@.oo.# ##.####
##'###### ......#
##...## .#.##.###
##.....## ........#
##.......#
........###...........
..........'............
........###..........##
#.##..#.# ##.......#.#


You could see an orc priest and an orc.

Vanquished Creatures
  A hound (D:4)
  An orc priest (D:4)
  An iguana (D:4)
  A hell rat (Sewer)
  3 gnolls (D:4)
  A river rat (Sewer)
  5 adders
  2 dart slugs
  An orc (D:4)
  8 ball pythons
  3 bats
  10 endoplasms
  5 giant cockroaches
  3 goblins
  3 hobgoblins
  4 kobolds
  A quokka (D:2)
  2 frilled lizards
  19 rats
74 creatures vanquished.

Notes
Turn   | Place    | Note
-------+----------+-------------------------------------------
     0 | D:1      | LLlMATKO the Minotaur Berserker began the quest for the
                  | Orb.
     0 | D:1      | Reached XP level 1. HP: 19/19 MP: 0/0
   154 | D:1      | Reached XP level 2. HP: 25/27 MP: 1/1
   977 | D:2      | Reached XP level 3. HP: 17/33 MP: 2/2
  1094 | D:2      | Reached ** piety under Trog
  1213 | D:2      | Found a faded altar of an unknown god.
  1894 | D:3      | Found a glowing drain.
  1934 | Sewer    | Entered a sewer
  1940 | Sewer    | Reached XP level 4. HP: 40/40 MP: 3/3
  2239 | D:3      | Identified the ring of the Original Sin {*Slow +Blink rPois
                  | rC+ Int+3}
  2765 | D:4      | Reached XP level 5. HP: 47/47 MP: 4/4
  2767 | D:4      | Reached *** piety under Trog
  2927 | D:4      | Reached skill level 5 in Fighting
  2927 | D:4      | Reached skill level 5 in Axes
  3086 | D:4      | Reached XP level 6. HP: 12/56 MP: 5/5
  3086 | D:4      | Killed from afar by an orc priest

Illustrated notes

Levels and vault maps discovered:
D:1:      scummos_arrival_simple_crosswalls, layout_basic,
          corexii_hall_statues_l, dk_noncrumbling_3
D:2:      layout_loops_ring, hellmonk_ecumenical_altar_heavens_door,
          kennysheep_generic_room_6
D:3:      layout_loops_ring, gup_sewer_entry_glass, minivault_25,
          dreamdust_princess_corridor, chequers_decorated_corner,
          kennysheep_donut
D:4:      layout_loops_corners, amcnicky_altar_gilded, minmay_temple_entry_waves

Skill      XL: |  1  2  3  4  5 |
---------------+----------------+-----
Axes           | 4 5 |  5.1
Fighting       | 4 5 |  5.1
Armour         | 3 4 |  4.3
Dodging        | 3 |  3.9

Action                     |  1- 3 |  4- 6 || total
---------------------------+-------+-------++-------
  Melee: Hand axe          |   101 |    55 ||   156
         Headbutt          |    13 |    10 ||    23
 Invoke: Berserk           |       |     3 ||     3
    Use: Scroll            |     5 |       ||     5
   Stab: Sleeping          |     2 |       ||     2
 Armour: Animal skin       |    15 |       ||    15
         Chain mail        |    27 |    29 ||    56
  Dodge: Dodged            |    52 |    26 ||    78
